 Dungeon Crawl Stone Soup version 0.23-a0-558-g30802b1d75 (webtiles) character file.

722 LLavrengius the Shield-Bearer (level 7, -11/46 HPs)
             Began as an Octopode Fighter on Dec 11, 2018.
             Was an Initiate of Sif Muna.
             Mangled by an orc warrior
             ... wielding a +0 glaive
              (25 damage)
             ... on level 5 of the Dungeon.
             The game lasted 00:14:32 (4391 turns).

LLavrengius the Shield-Bearer (Octopode Fighter)    Turns: 4391, Time: 00:14:34

Health: -11/46     AC:  1    Str: 16    XL:     7   Next: 71%
Magic:  8/8        EV: 12    Int: 11    God:    Sif Muna [......]
Gold:   104        SH: 12    Dex: 12    Spells: 7/7 levels left

rFire    . . .     SeeInvis .   m - +2 dagger (venom)
rCold    + . .     Gourm    .   x - +2 shield
rNeg     . . .     Faith    .   (helmet restricted)
rPois    .         Spirit   .   (no amulet)
rElec    .         Reflect  .   t - ring of protection from cold
rCorr    .         Harm     .   (no ring)
MR       .....                  (no ring)
Stlth    ++++......             (no ring)
HPRegen  0.15/turn              (no ring)
MPRegen  0.11/turn              (no ring)
                                (no ring)
                                (no ring)

@: lethally poisoned (-11 -> -16)
A: almost no armour, stealthy swim, amphibious, 8 rings, constrict 8, camouflage
1, gelatinous body 1
a: Renounce Religion


You were on level 5 of the Dungeon.
You worshipped Sif Muna.
Sif Muna was noncommittal.
You were not hungry.

You visited 1 branch of the dungeon, and saw 6 of its levels.
You also visited: Sewer.

You collected 284 gold pieces.
You spent 180 gold pieces at shops.

Inventory:

Hand Weapons
 a - a +0 long sword
 i - a +0 spear
 m - a +2 dagger of venom (weapon)
 n - a +1 rapier of draining
Missiles
 j - 5 tomahawks (quivered)
 y - 3 throwing nets
Armour
 x - a +2 shield (worn)
Jewellery
 b - an uncursed ring of ice
 t - a ring of protection from cold (left tentacle)
 D - a +4 ring of evasion {unknown}
Wands
 r - a wand of iceblast (11)
 A - a wand of flame (20)
 C - a wand of polymorph (12)
Scrolls
 e - 3 scrolls of remove curse
 f - 4 scrolls of teleportation
 k - a scroll of magic mapping
 l - 4 scrolls of blinking
 q - 5 scrolls of identify
 u - 2 scrolls of enchant armour {unknown}
 w - 2 scrolls of enchant weapon {unknown}
 F - 2 scrolls of random uselessness {unknown}
 G - a scroll of amnesia {unknown}
Potions
 c - 3 potions of might
 g - 3 potions of haste
 h - a potion of cancellation
 o - 2 potions of curing
 p - 5 potions of heal wounds
 s - a potion of mutation
 v - 2 potions of agility
 z - 2 potions of flight
 B - a potion of magic {unknown}
 E - a potion of resistance
Comestibles
 d - 10 rations


   Skills:
 - Level 3.0 Fighting
 * Level 4.7(4.9) Short Blades
 - Level 2.0(3.6) Long Blades
 - Level 3.0 Dodging
 + Level 4.7 Stealth
 * Level 6.2 Shields
 + Level 0.9 Spellcasting


You had 7 spell levels left.
You didn't know any spells.
Your spell library was empty.

Dungeon Overview and Level Annotations

Branches:
Dungeon (6/15)
 Temple: D:4-7

Altars:
Sif Muna

Shops:
D:4 !


Innate Abilities, Weirdness & Mutations

You cannot wear most types of armour.
You are very stealthy in the water. (Stealth+)
You are amphibious.
You can wear up to eight rings at the same time.
You can use your tentacles to constrict eight enemies at once.
Your skin changes colour to match your surroundings (Stealth+).
Your rubbery body absorbs attacks. (AC +1, EV +1)


Message History

There is a stone staircase leading down here.
You hit the orc but do no damage.
The orc is poisoned.
Your grab misses the orc. You squeeze the orc.
The orc is lightly wounded.
The orc hits you with a +1 short sword of venom!
You are poisoned.
The orc warrior hits you with a +0 glaive.
You hit the orc warrior but do no damage.
You grab the orc warrior.
You squeeze the orc warrior, but do no damage.
You constrict the orc warrior.
You feel sick.
You kill the orc!
Sif Muna accepts your kill.
You hit the orc warrior but do no damage.
The orc warrior is poisoned.
Your squeeze misses the orc warrior.
The orc warrior is lightly wounded.
You constrict the orc warrior.
The orc warrior hits you with a +0 glaive!!
Ouch! That really hurt!
You die...

.#......##..>.#...##.###..##....#
.......(##.#...^..####.....#.....
.##.....#.....##.....#...........
.##.....##.##..##..#.............
........#.....###.###............
.....#..........#..#.............
........##..###...............<#.
........##.....).................
.####...##...##.@...............#
.#####.......##o.................
.##.##.......##.........##.......
.##....................####......
.#...###........#.......###.#....
.....###......###........####....
.##...........#.#.....#...###....
...#.....#............##.###.....
.........#....##.......#....#....


You could see an orc warrior.

Vanquished Creatures
  2 bullfrogs (D:6)
  A scorpion (D:4)
  A bullfrog zombie (D:6)
  A crimson imp (D:6)
  An orc priest (D:3)
  3 hounds
  Ijyb (D:5)
  An iguana (D:5)
  An orc wizard (D:5)
  3 worker ants
  An adder (D:5)
  6 river rats (Sewer)
  2 oozes (D:1)
  An adder zombie (D:6)
  An adder skeleton (D:4)
  3 worms (D:2)
  5 dart slugs
  4 leopard geckos
  12 orcs
  7 giant cockroaches
  9 goblins
  4 hobgoblins
  12 jackals
  8 kobolds
  2 quokkas
  5 ball pythons
  3 bats
  11 frilled lizards
  A quokka skeleton (D:4)
  15 rats
127 creatures vanquished.

Notes
Turn   | Place    | Note
-------+----------+-------------------------------------------
     0 | D:1      | LLavrengius the Octopode Fighter began the quest for the
                  | Orb.
     0 | D:1      | Reached XP level 1. HP: 16/16 MP: 1/1
    32 | D:1      | Reached skill level 1 in Stealth
    66 | D:1      | Reached XP level 2. HP: 18/21 MP: 2/2
   362 | D:1      | Reached XP level 3. HP: 26/26 MP: 3/3
   676 | D:2      | Reached XP level 4. HP: 26/31 MP: 4/4
   805 | D:2      | Reached skill level 1 in Short Blades
   890 | D:2      | Reached skill level 4 in Shields
  1260 | D:3      | Found a glowing drain.
  1264 | Sewer    | Entered a sewer
  1300 | Sewer    | Reached XP level 5. HP: 28/36 MP: 5/5
  2693 | D:4      | Reached XP level 6. HP: 42/42 MP: 6/6
  2710 | D:4      | Reached skill level 5 in Shields
  2951 | D:4      | Found Siobec's Distillery.
  2958 | D:4      | Bought a potion of agility for 40 gold pieces
  2958 | D:4      | Bought a potion of degeneration for 10 gold pieces
  2958 | D:4      | Bought a potion of resistance for 100 gold pieces
  2958 | D:4      | Bought a potion of flight for 30 gold pieces
  3346 | D:5      | Entered Level 5 of the Dungeon
  3378 | D:5      | Noticed Ijyb
  3395 | D:5      | Killed Ijyb
  3587 | D:5      | Reached XP level 7. HP: 46/46 MP: 7/7
  3947 | D:5      | Found a deep blue altar of Sif Muna.
  3950 | D:5      | Became a worshipper of Sif Muna the Loreminder
  4073 | D:6      | Reached skill level 6 in Shields
  4391 | D:5      | Mangled by an orc warrior

Vault maps used:
D:1:      dpeg_arrival_rooms_with_view
D:3:      gup_sewer_entry_bowl, eino_tiny_chamber
D:4:      serial_shops, shop
D:5:      first_ration, lemuel_blue_sif_altar, uniq_ijyb
D:6:      kennysheep_mini_moat, minmay_temple_entry_glass, st_stairs_14
Sewer:    sewer_co_cracked_pipes

Skill      XL: |  1  2  3  4  5  6  7 |
---------------+----------------------+-----
Stealth        | 1 2 3 4 |  4.7
Short Blades   | 1 2 4 |  4.7
Shields        | 4 5 6 |  6.2
Fighting       | |  3.0
Long Blades    | |  2.0
Dodging        | |  3.0
Spellcasting   | |  0.9

Action                   |  1- 3 |  4- 6 |  7- 9 || total
-------------------------+-------+-------+-------++-------
Melee: Long sword        |    24 |       |       ||    24
       Constrict         |    20 |    31 |    16 ||    67
       Tentacles         |    13 |    25 |    13 ||    51
       Dagger            |    34 |    71 |     5 ||   110
       Rapier            |       |    61 |    45 ||   106
  Use: Scroll            |       |    11 |       ||    11
 Stab: Sleeping          |     8 |    18 |       ||    26
       Distracted        |       |     1 |       ||     1
  Eat: Chunk             |       |     8 |     3 ||    11
Armor: Skin              |     4 |     4 |     3 ||    11
Dodge: Dodged            |    24 |    42 |    30 ||    96
Block: Shield            |    26 |    40 |    26 ||    92
       Rpst.: Long sword |     4 |       |       ||     4

Table legend:
 A = Non-vault XP
 B = Vault XP
 C = Vault XP percentage of total XP
 D = Non-vault monster count
 E = Vault monster count
 F = Vault count percentage of total count
                 A         B        C        D         E       F
            +---------+---------+-------+---------+---------+-------
      Total |     893 |     139 |  13.5 |      99 |      28 |  22.0
            +---------+---------+-------+---------+---------+-------
        D:1 |      44 |       3 |   6.4 |      17 |       2 |  10.5
        D:2 |      62 |       0 |   0.0 |      27 |       0 |   0.0
        D:3 |      81 |       4 |   4.7 |      20 |       4 |  16.7
        D:4 |     208 |       0 |   0.0 |      12 |       0 |   0.0
        D:5 |     214 |      36 |  14.4 |      14 |       1 |   6.7
        D:6 |     284 |       0 |   0.0 |       9 |       0 |   0.0
      Sewer |       0 |      96 | 100.0 |       0 |      21 | 100.0
            +---------+---------+-------+---------+---------+-------
